Construct Section Command Post
Construct Section Command Post
Construct Platoon Command Post
Construct Field Infirmary
Construct Company Command Post
Selects Indian Artillery Battlegroup
Selects Gurkha Rifles Section
Selects Volunteer Infantry
Selects Artillery Saturation
Selects Off-map Airburst Barrage
Selects Towed ML 4.2-inch Heavy Mortar
Selects Off-map Airburst Barrage
6-pounder Anti-tank Gun Team
Selects Perimeter Monitor
Unlock Towed 17-pounder Anti-tank Guns
17-pounder Anti-tank Gun Team